[Event "French-ch Youth U18 2022"]
[Site "Agen"]
[Date "2022.04.19"]
[Round "4.4"]
[White "Decuigniere, Tom"]
[Black "Arhan, Tanguy"]
[Result "1-0"]
[ECO "E98"]
[WhiteElo "2292"]
[BlackElo "2013"]
[Annotator "TA"]
[PlyCount "67"]
[EventDate "2022.04.17"]
[EventType "swiss"]
[EventCountry "FRA"]
[SourceTitle "playchess.com"]
[Source "ChessBase"]
[SourceQuality "1"]
[TimeControl "5400+30"]

1. d4 Nf6 2. c4 g6 3. Nc3 Bg7 4. e4 d6 5. Nf3 O-O 6. Be2 e5 7. O-O Nc6 8. d5 Ne7 9. Ne1 Nd7 10. Be3 f5 11. f3 f4 12. Bf2 g5 13. Rc1 Rf7 14. b4 Nf6 15. c5 Ng6 16. g4 {[%emt 0:12:53] E99: King's Indian: Classical Main Line: 9 Ne1 Nd7 10 f3 f5.} (16. a4 $16) 16... fxg3 17. hxg3 h5 18. Ng2 {[%emt 0:03:33] The position is equal.} (18. Be3 $5 ) 18... Bh3 19. Be3 {[%emt 0:06:40] [#]} g4 $146 (19... h4 $11) ({Predecessor:} 19... Nh7 20. Rf2 Bf6 21. Ne1 Nf4 22. Rh2 Nxe2+ 23. Nxe2 g4 24. f4 h4 25. Nd3 Qe8 {½-½ (48) Diogo,V (2212)-Sousa,A (2082) Famalicao 2014}) 20. Bg5 ({White should play} 20. fxg4 $16 Nxg4 21. Rxf7 Kxf7 22. Qd2) 20... Qf8 {[%emt 0:02:22] [#]} (20... a5 $14) 21. cxd6 (21. fxg4 $1 $16 Nxg4 22. Qd2) 21... cxd6 $14 22. fxg4 Nxg4 23. Bxg4 Bxg4 24. Qd3 Bf6 {[%emt 0:06:10] A strong pair of Bishops.} 25. Qe3 {[%emt 0:02:21] And now Bxf6 would win.} Kh7 $2 (25... a6 $11 {and Black is okay.}) 26. Nb5 {[%emt 0:03:16] Black must now prevent Rc7.} ({Stronger than} 26. Qf2 Nf4 27. Bxf4 (27. gxf4 $2 Bxg5 28. Nb5 exf4 $19) 27... exf4 28. gxf4 (28. Nxf4 Qg7 $17) 28... Qg7 $15) 26... a6 {[%emt 0:02:13] [#]} 27. Na3 {[%emt 0:05:54] &Bianco is much more active.} (27. Nc7 $1 $16 Rc8 28. Bxf6 (28. Ne6 Bxe6 29. dxe6 Rxc1 $14) 28... Rxf6 29. Qg5) 27... Qe7 $2 (27... b5 $11 {and Black has nothing to worry.}) 28. Bxf6 Rxf6 29. Rxf6 Qxf6 30. Rc7+ Ne7 31. Qf2 Qg7 32. Qb6 Qf6 (32... Rc8 $16 {is more resistant.}) 33. Nc4 $18 Rc8 (33... Rf8 $2 34. Qxd6 Qxd6 35. Nxd6) 34. Nxd6 {[%emt 0:01:28] Weighted Error Value: White=0.38/Black=0.92} ({Less strong is} 34. Rxc8 Bxc8 35. Nxd6 Bg4 $18) 1-0

[Event "French-ch Youth U18 2022"]
[Site "Agen"]
[Date "2022.04.19"]
[Round "4.5"]
[White "Blanquet, Camille"]
[Black "Renaudin, Axelle"]
[Result "1-0"]
[ECO "A05"]
[WhiteElo "1928"]
[BlackElo "1591"]
[Annotator "TA"]
[PlyCount "35"]
[EventDate "2022.04.17"]
[EventType "swiss"]
[EventCountry "FRA"]
[SourceTitle "playchess.com"]
[Source "ChessBase"]
[SourceQuality "1"]
[TimeControl "5400+30"]

1. Nf3 Nf6 2. c4 e6 3. g3 b6 4. Bg2 Bb7 5. O-O c5 6. d4 cxd4 7. Qxd4 {[%emt 0:01:14] 7.Qxd4 scores better than 7.Nxd4.} Bc5 8. Qf4 {[%emt 0:02:29] A30: Symmetrical English: Double Fianchetto and Hedgehog.} d5 9. Nc3 {[%emt 0:06:03] [#]} dxc4 $146 ({Predecessor:} 9... O-O 10. Rd1 Qe7 11. cxd5 Nxd5 12. Nxd5 Bxd5 13. b3 Nd7 14. Bb2 Rfd8 15. Rd2 Bb4 {0-1 (55) Tazbir,M (2561)-Georgescu,T (2396) Kazan 2013}) 10. Rd1 {[%emt 0:09:34] The position is equal.} Nbd7 $2 (10... Qe7) (10... Qc8 $11 {and Black has nothing to worry.}) 11. Ne5 $18 {[%emt 0:04:08][%mdl 64] Discovered Attack} (11. Qxc4 Rc8 12. Qa4 Bc6) ({Weaker is} 11. Qxc4 Rc8 12. Qa4 Bc6 $11) 11... Bxg2 $2 {[%emt 0:03:03] [#]} (11... g5 12. Rxd7 (12. Qxg5 Bxg2 13. Qg7 Rf8) 12... gxf4 13. Rxd8+ Rxd8) (11... g5 12. Rxd7 (12. Qxg5 Bxg2 13. Kxg2 Qc7 $16) 12... gxf4 13. Rxd8+ Rxd8) 12. Rxd7 $1 Qc8 13. Kxg2 Nxd7 $2 (13... O-O $18) 14. Qxf7+ Kd8 15. Bg5+ Kc7 16. Rd1 Rf8 17. Rxd7+ Kb8 18. Qxe6 {White took control after the opening.  Weighted Error Value: White=0.19 (very precise) /Black=1.89} 1-0

[Event "French-ch Youth U18 2022"]
[Site "Agen"]
[Date "2022.04.19"]
[Round "4.6"]
[White "Lordier, Sophia"]
[Black "Moracchini, Margaux"]
[Result "1/2-1/2"]
[ECO "E92"]
[WhiteElo "1725"]
[BlackElo "1994"]
[Annotator "TA"]
[PlyCount "67"]
[EventDate "2022.04.17"]
[EventType "swiss"]
[EventCountry "FRA"]
[SourceTitle "playchess.com"]
[Source "ChessBase"]
[SourceQuality "1"]
[TimeControl "5400+30"]

1. d4 Nf6 2. c4 g6 3. Nc3 Bg7 4. e4 d6 5. Nf3 O-O 6. Be2 e5 7. dxe5 dxe5 8. Qxd8 Rxd8 9. Bg5 Re8 10. O-O-O h6 11. Bxf6 {[%emt 0:09:46] E92: King's Indian: Classical: 6 Be2 e5: 7 dxe5, 7 Be3 and Petrosian System without 7...Nbd7.} Bxf6 12. Nd5 Bd8 13. Ne1 {[%emt 0:09:58] Black is better.} c6 14. Nc3 Be6 {[%emt 0:09:25] [#]} 15. Nc2 $146 ({Predecessor:} 15. b3 Nd7 16. Nd3 Kg7 17. Kc2 Bb6 18. Rhf1 Rad8 19. f4 exf4 20. Nxf4 Nf8 21. Rxd8 Bxd8 {0-1 (29) Cagara,P (2121)-Socko,M (2428) Dzwirzyno 2004}) 15... a5 16. b3 Na6 17. a3 Be7 18. Kb2 Red8 (18... Nc5 $17 19. f3 f5) 19. f3 Kf8 20. Na4 Ke8 21. Nb6 Rxd1 22. Rxd1 Rd8 23. Rxd8+ Kxd8 24. Kc3 Kc7 25. Na4 f5 26. b4 axb4+ (26... b6 {seems wilder.} 27. c5 b5 28. Nb2 Bf6) 27. axb4 Nb8 28. Bd3 {[%emt 0:09:12] The position is equal.} f4 29. c5 ({Of course not} 29. Nc5 Bxc5 30. bxc5 Na6 $17) 29... Nd7 30. Bc4 Bxc4 31. Kxc4 b5+ 32. cxb6+ $1 Nxb6+ 33. Nxb6 Kxb6 34. Ne1 {Weighted Error Value: White=0.13 (very precise) /Black=0.11 (very precise)} 1/2-1/2

[Event "French-ch Youth U18 2022"]
[Site "Agen"]
[Date "2022.04.19"]
[Round "4.7"]
[White "Courjal, Pauline"]
[Black "Randrianarimanana, Alicia"]
[Result "1-0"]
[ECO "B76"]
[WhiteElo "1976"]
[BlackElo "1985"]
[Annotator "TA"]
[PlyCount "57"]
[EventDate "2022.04.17"]
[EventType "swiss"]
[EventCountry "FRA"]
[SourceTitle "playchess.com"]
[Source "ChessBase"]
[SourceQuality "1"]
[TimeControl "5400+30"]

1. e4 c5 2. Nf3 Nc6 3. d4 cxd4 4. Nxd4 Nf6 5. Nc3 g6 6. Be3 d6 7. f3 Bg7 8. Qd2 O-O 9. O-O-O d5 10. Qe1 e5 11. Nxc6 bxc6 12. exd5 Nxd5 13. Bb5 {[%emt 0:00:21] B76: Sicilian Dragon: Yugoslav Attack, 9 g4 and 9 0-0-0.} Bd7 (13... Qc7 $1 $11 14. Nxd5 cxd5) 14. Nxd5 $16 {[%emt 0:00:11] And now Ba4 would win.} cxb5 15. h4 {[%emt 0:07:03] [#] aiming for h5. &Bianco is much more active. The black rooks are badly placed. White is better.} Rc8 $146 ({Predecessor:} 15... h6 16. Kb1 Re8 17. Bc5 Kh8 18. Qe3 Rc8 19. g4 Be6 20. Nb6 Qc7 21. Nxc8 Rxc8 {1-0 (32) Shi,D (2214)-Zhu,H (2318) Windsor 2015}) 16. h5 Bf5 17. c3 b4 {[%emt 0:27:16] [#]} (17... Rc4 $16 {was necessary.}) 18. g4 $2 ({Not} 18. Nxb4 Qa5 19. a3 gxh5 $14) (18. Qh4 $1 $18 Re8 19. h6 (19. Qxb4 Rb8 $16) (19. Nxb4 Qa5 $14) 19... Qxh4 20. Rxh4) 18... Be6 $11 {[%emt 0:00:51] This bishop pair is nice.} 19. Nb6 Qc7 20. Nxc8 Rxc8 21. hxg6 bxc3 22. gxh7+ Kh8 {[%emt 0:00:04] ( -> ...cxb2+)} 23. b4 {[%emt 0:06:51] Black must now prevent Bh6.} Qc4 $2 {[%emt 0:02:47][%mdl 8192] [#]} (23... Bf6 $11 {and Black is okay.} 24. Bc5 Qc6) 24. Qh4 $1 $18 (24. Bh6 Bf6 25. Kc2 Qxa2+ 26. Kd3 c2 $19) 24... Qxb4 25. Rd8+ Rxd8 26. Qxd8+ Bf8 $2 (26... Qf8 $18 27. Qxf8+ Bxf8) 27. Qf6+ Bg7 {[%emt 0:00:01] [#]} 28. Qxg7+ $1 Kxg7 29. h8=Q+ {[%emt 0:00:06] Weighted Error Value: White=0.24 (precise) /Black=1.06} 1-0

[Event "French-ch Youth U18 2022"]
[Site "Agen"]
[Date "2022.04.19"]
[Round "4.8"]
[White "Tomasi, Elise"]
[Black "Bacconnais, Anthea"]
[Result "1-0"]
[ECO "D02"]
[WhiteElo "1988"]
[BlackElo "1362"]
[Annotator "TA"]
[PlyCount "111"]
[EventDate "2022.04.17"]
[EventType "swiss"]
[EventCountry "FRA"]
[SourceTitle "playchess.com"]
[Source "ChessBase"]
[SourceQuality "1"]
[TimeControl "5400+30"]

1. d4 d5 2. Nf3 Nf6 3. g3 e6 4. Bg2 a6 5. O-O Nc6 {[%emt 0:02:39] [#]} 6. c3 $146 {[%emt 0:06:31] D02: 1 d4 d5 2 Nf3 sidelines, including 2...Nf6 3 g3 and 2...Nf6 3 Bf4.} ({Predecessor:} 6. b3 Be7 7. Bb2 O-O 8. Nbd2 b6 9. c4 Bb7 10. Rc1 Ne4 11. Ne1 Nxd2 12. Qxd2 {1-0 (30) Kushko,D (2358)-Biriukov,N (2364) Kharkov 2021}) 6... Bd7 7. Qc2 Bd6 8. Nbd2 {White is slightly better.} O-O 9. c4 dxc4 10. Nxc4 Rb8 (10... b5 $14 11. Nce5 Nxd4 12. Nxd4 Bxe5 13. Bxa8 Qxa8) 11. e4 $1 $16 {[%emt 0:10:01] aiming for e5. &Bianco is more active.} b5 (11... Ne8 $16) 12. Ncd2 (12. Nce5 $1 $18 {[%cal Re5c6] has better winning chances.} Ne7 13. Bd2) 12... e5 (12... Nb4 $142 13. Qb1 Be7) 13. dxe5 $1 Nxe5 14. Nxe5 Bxe5 15. Nf3 Qe7 16. Nxe5 Qxe5 17. Bf4 Qh5 18. Qxc7 Bh3 19. Qe5 {[%emt 0:02:05] Black must now prevent Qxh5.} Bxg2 20. Qxh5 (20. Kxg2 $16 {And now Qxh5 would win.} Qe2 21. Rae1) 20... Nxh5 $14 21. Kxg2 Nxf4+ 22. gxf4 $16 {[%emt 0:00:01][%mdl 4096] Endgame KRR-KRR} Rb6 (22... Rfc8 $14 {might be stronger.}) 23. f5 ({White should try} 23. Rfd1 $16) 23... g6 $14 24. fxg6 hxg6 25. f4 Re6 26. Kf3 Kg7 27. Rac1 Rh8 28. Rc2 Rh3+ 29. Kg2 Re3 30. e5 g5 31. Rcf2 (31. Rc7 $5 ) 31... gxf4 32. Rxf4 R3xe5 (32... Re2+ $11 33. Kg3 Rg6+ 34. Kh3 Rh6+ 35. Kg3 Rg6+ 36. Kh3 Rh6+ 37. Kg3 Rg6+) 33. Rxf7+ Kg6 34. R7f3 a5 35. R1f2 b4 36. Rg3+ Rg5 37. Rc2 Ree5 (37... Rxg3+ $11 38. hxg3 (38. Kxg3 b3 $11) 38... Re3) 38. a3 ({Better is} 38. b3 $16) 38... b3 39. Rc6+ Kf5 (39... Kf7 $11) 40. Rxg5+ (40. Kf2 $16) 40... Kxg5 $16 {[%emt 0:00:12] KR-KR} 41. Kf3 {[%emt 0:00:01] Strongly threatening Rb6.} Kf5 $2 {[%emt 0:02:10] [#] White stays focused until the end.} (41... Re1 $1 $11) 42. h4 $2 ({White must play} 42. Rc3 $1 $18) 42... Rd5 $2 {[%emt 0:01:37] [#]} (42... Re1 $1 $11 {and Black stays safe.}) 43. Ke3 (43. Ke2 $1 $18) 43... Kg4 $2 (43... Rd1 $1 $14) 44. Rb6 a4 $2 (44... Kxh4 45. Rxb3 Kg4) 45. Rb4+ $18 Kg3 (45... Kf5 $142 46. Rxa4 Rd1) 46. Rxa4 Re5+ 47. Kd3 Rf5 48. Rb4 Rf4 49. Rxf4 {[%emt 0:00:17] White mates.} Kxf4 {[%emt 0:00:03] KP-KP} 50. a4 Kg4 51. a5 Kxh4 52. a6 Kg3 53. a7 Kf2 54. a8=Q Ke1 55. Qg2 Kd1 56. Qg1# {[%emt 0:00:03] Weighted Error Value: White=0.24 (precise) /Black=0.54} 1-0

[Event "French-ch Youth U18 2022"]
[Site "Agen"]
[Date "2022.04.20"]
[Round "5.1"]
[White "Girel, Joseph"]
[Black "Mas, Victor"]
[Result "1-0"]
[ECO "E17"]
[WhiteElo "2394"]
[BlackElo "2190"]
[Annotator "TA"]
[PlyCount "51"]
[EventDate "2022.04.17"]
[EventType "swiss"]
[EventCountry "FRA"]
[SourceTitle "playchess.com"]
[Source "ChessBase"]
[SourceQuality "1"]
[TimeControl "5400+30"]

1. d4 Nf6 2. c4 e6 3. Nf3 b6 4. g3 Bb7 5. Bg2 Be7 6. O-O O-O 7. h4 {[%emt 0:00:05] E17: Queen's Indian: 4 g3 Bb7 5 Bg2 Be7.} d5 8. cxd5 exd5 9. Nc3 {[%emt 0:00:18] [#] White has an edge.} c5 $146 ({Predecessor:} 9... Nbd7 10. Ne5 c5 11. Qa4 cxd4 12. Nxd7 Qxd7 13. Qxd7 Nxd7 14. Nxd5 Bxd5 15. Bxd5 Rac8 {½-½ (41) Sakaev,K (2612)-Shubin,K (2441) Sochi 2020}) 10. Bf4 Nc6 11. e3 Ne4 12. dxc5 Nxc3 13. bxc3 Bxc5 14. Qd3 h6 {Inhibits Ng5.} 15. Nd4 Re8 16. Qf5 (16. Nb3 $5 ) 16... Ne7 17. Qg4 Ng6 18. Rfd1 Nxf4 19. Qxf4 $40 {[%emt 0:00:13][%cal Oc3c4][%mdl 128] White mounts an attack.} Bd6 20. Qg4 Be5 21. c4 Rc8 ({Black should play} 21... Qf6 $1 $14) 22. cxd5 {[%emt 0:04:11] &Bianco is more active.} ({Better is} 22. Rac1 $16) 22... Bxd5 {[%emt 0:00:58] [#]} (22... Rc4 $11) 23. Nf5 $1 $16 h5 24. Qxh5 Bxa1 $2 (24... g6 $16 {keeps fighting.} 25. Qg4 Qf6 26. Bxd5 Qxf5 27. Qxf5 gxf5) 25. Bxd5 $18 {[%emt 0:00:59] Chess con chili.} Re6 $2 (25... Qf6 26. Nd6 g6 27. Bxf7+ (27. Nxe8 Rxe8 28. Qh6 Rd8 $18) 27... Qxf7) 26. Bxe6 {[%emt 0:00:29][%mdl 64] Discovered Attack.  Weighted Error Value: White=0.16 (very precise) /Black=0.34} 1-0

[Event "French-ch Youth U18 2022"]
[Site "Agen"]
[Date "2022.04.20"]
[Round "5.2"]
[White "Fardet, Elouan"]
[Black "Harutyunyan, Safar"]
[Result "0-1"]
[ECO "B90"]
[WhiteElo "2162"]
[BlackElo "2217"]
[Annotator "TA"]
[PlyCount "52"]
[EventDate "2022.04.17"]
[EventType "swiss"]
[EventCountry "FRA"]
[SourceTitle "playchess.com"]
[Source "ChessBase"]
[SourceQuality "1"]
[TimeControl "5400+30"]

1. e4 c5 2. Nf3 d6 3. d4 cxd4 4. Nxd4 Nf6 5. Nc3 a6 6. Be3 e5 7. Nb3 Be6 8. Qd2 Be7 9. O-O-O {[%emt 0:00:49] B90: Sicilian Najdorf: Unusual White 6th moves, 6 Be3 Ng4 and 6 Be3 e5.} Ng4 10. Kb1 O-O 11. f4 {[%emt 0:12:07] White has an edge.} Nxe3 12. Qxe3 exf4 13. Qxf4 Nc6 14. Be2 {[%emt 0:21:58] [#]} Rc8 $146 ({Predecessor:} 14... Ne5 15. Nd4 Rc8 16. Nd5 Bxd5 17. exd5 Qb6 18. Rhf1 Rfe8 19. g4 Bf8 20. h4 g6 {½-½ (49) Shetty,R (2192)-Praneeth,S (2347) Nagpur 2015}) 15. Bg4 (15. Nd5 $11) 15... Bxg4 ({Black should play} 15... Ne5 $15 16. Be2 Bg5) 16. Qxg4 $11 Bf6 {[%emt 0:00:14] Hoping for ...Bxc3.} 17. Nd5 Be5 18. Nd2 Ne7 19. Ne3 $2 {[%emt 0:09:19] [#]} (19. Nb3 $11 {and White stays safe.}) 19... Bxb2 $1 $19 {[%emt 0:03:19][%mdl 512] Threatens to win with ...Bd4.} 20. Ndc4 (20. Kxb2 Qb6+) 20... Be5 21. Rd3 Qe8 (21... Ng6 $19 {aiming for ...b5.} 22. Rhd1 Re8) 22. Nb6 (22. Rb3 $17) 22... Rc7 23. Nbd5 {[%emt 0:00:04] Inhibits Bc3.} (23. Rb3 $142) 23... Nxd5 24. Nxd5 Rc4 {[%emt 0:04:07] Strongly threatening ...Qb5+.} 25. Qh4 $2 (25. Qf3) 25... Qb5+ (25... Qa4 $2 {gets mated.} 26. Ne7+ Kh8 {[#]} 27. Qxh7+ $3 Kxh7 28. Rh3#) 26. Rb3 {[%emt 0:00:55] [#]} Qxd5 $1 {[%mdl 512] Weighted Error Value: White=0.71/Black=0.13 (very precise)} 0-1

[Event "French-ch Youth U18 2022"]
[Site "Agen"]
[Date "2022.04.20"]
[Round "5.3"]
[White "Lambach, Maxime"]
[Black "Decuigniere, Tom"]
[Result "0-1"]
[ECO "B13"]
[WhiteElo "2016"]
[BlackElo "2292"]
[Annotator "TA"]
[PlyCount "86"]
[EventDate "2022.04.17"]
[EventType "swiss"]
[EventCountry "FRA"]
[SourceTitle "playchess.com"]
[Source "ChessBase"]
[SourceQuality "1"]
[TimeControl "5400+30"]

1. e4 c6 2. d4 d5 3. exd5 cxd5 4. c3 Nc6 5. Bf4 Bf5 6. Nd2 {[%emt 0:01:04] B13: Caro-Kann: Exchange Variation and Panov-Botvinnik Attack.} f6 7. Ngf3 {[%emt 0:01:37] Prevents e5.} g5 8. Be3 {[%emt 0:00:13] The position is equal.} e6 9. Bb5 Bd6 {[%emt 0:05:17] [#]} 10. Qe2 $146 ({Predecessor:} 10. c4 Nge7 11. Qb3 a6 12. cxd5 axb5 13. dxc6 bxc6 14. h3 h5 15. Rc1 Qd7 16. Ke2 {0-1 (45) Pajeken,J (2337)-Beerdsen,T (2476) Hamburg 2018}) 10... Nge7 11. h3 h5 {[%emt 0:06:55] Inhibits g4.} 12. Bd3 Kf7 13. Nb3 Bxd3 14. Qxd3 Ng6 15. O-O-O b6 16. Kb1 a5 17. Nc1 a4 18. a3 Na5 19. Nd2 {[%emt 0:00:37] Inhibits Nc4.} b5 20. Rhe1 (20. Qxb5 $2 Bxa3 21. Kc2 (21. bxa3 $2 Rb8 $19) 21... Rb8 $1 22. Qxa4 Rxb2+ 23. Kd3 Nc4 $19) 20... Nc4 21. Na2 Nh4 22. g3 Nf5 (22... Ng2 $5 23. Rg1 Ngxe3 24. fxe3 Qg8 $15) 23. g4 Nh4 24. Qe2 Qd7 25. Nc1 Ng2 26. Rg1 (26. Rh1 $15) 26... Nf4 {[%emt 0:00:05] 0x0.00018dd8005ddp-1022s more active pieces.} ({Black should play} 26... Ngxe3 $17 27. fxe3 hxg4 28. Rxg4 Rxh3 29. Nxc4 bxc4 30. Rxg5 fxg5 31. Qf1+ Kg8 32. Qxh3 Qh7+ 33. Qxh7+ Kxh7) 27. Bxf4 $11 Bxf4 28. Nxc4 bxc4 29. h4 (29. gxh5 $11 Qd6 30. h4) 29... hxg4 $17 ({Much worse is} 29... gxh4 $6 30. gxh5 Qd6 31. Rg4 $11 (31. Qg4 Bg5 $15)) 30. hxg5 f5 ({Inferior is} 30... Bxg5 31. Rxg4 Rh2 32. Ka1 $11) 31. Rh1 Qe7 32. Rde1 Bxg5 33. Na2 Qf6 {[%emt 0:00:46] And now ...Rxh1 would win.} 34. Rxh8 {[%emt 0:01:35] Loses the game.} (34. Rhg1 $17 {is a better defense.}) 34... Rxh8 $19 35. Nb4 {[%emt 0:00:08] [#]} Rh2 $1 {[%emt 0:06:52] Strongly threatening ...Bh4.} 36. Nc6 Kg7 {[%emt 0:01:18] aiming for ...Bh4.} 37. Qf1 $2 (37. Rf1) 37... Bf4 38. Ka2 Bd6 (38... Qh4 $142 39. f3 Rf2) 39. Re2 (39. Qg1) 39... f4 {[%emt 0:00:25][%cal Bf5f4,Bf4f3][%mdl 32] White must now prevent ...g3.} 40. Qe1 (40. f3 $142 Rxe2 41. Qxe2) 40... Rh6 $2 (40... g3 41. fxg3 Rxe2 42. Qxe2 fxg3) 41. Qg1 $2 (41. Ne5 Bxe5 42. Rxe5) 41... Rg6 (41... f3 $142 42. Rd2 (42. Qxg4+ $2 Rg6 $19) 42... Qg5) 42. Qh1 $2 (42. Ne5 f3 43. Re1 Bxe5 44. dxe5) 42... f3 43. Re3 Qg5 {[%emt 0:00:50] Weighted Error Value: White=0.65/Black=0.41} 0-1

[Event "French-ch Youth U18 2022"]
[Site "Agen"]
[Date "2022.04.20"]
[Round "5.4"]
[White "Mathieu, Phileas"]
[Black "Roux, Baptiste"]
[Result "1-0"]
[ECO "B30"]
[WhiteElo "2323"]
[BlackElo "2137"]
[Annotator "TA"]
[PlyCount "73"]
[EventDate "2022.04.17"]
[EventType "swiss"]
[EventCountry "FRA"]
[SourceTitle "playchess.com"]
[Source "ChessBase"]
[SourceQuality "1"]
[TimeControl "5400+30"]

1. e4 c5 2. Nf3 Nc6 3. g3 g6 4. Bg2 Bg7 5. O-O e6 6. c3 Nge7 7. Re1 O-O 8. d4 cxd4 9. cxd4 d5 10. e5 a6 {[%emt 0:08:28] [#]} 11. Bg5 $146 {[%emt 0:14:43] A04: Unusual lines after 1 Nf3 and King's Indian Attack.} ({Predecessor:} 11. Nc3 Bd7 12. h4 h5 13. Bg5 b5 14. Qd2 Qb6 15. Bh3 Kh7 16. Rad1 Rac8 17. Bf6 Ng8 18. Ng5+ Kh8 19. Nxd5 {1-0 (36) Loureiro,A (2129)-Reis Junior,E (2039) Sao Paulo 2017}) 11... h6 12. Be3 Bd7 13. Nc3 {[%emt 0:02:00] The position is equal.} b5 (13... Nf5 $11) 14. g4 Rc8 ({Better is} 14... f6 $11) 15. Qd2 $14 Kh7 16. b3 (16. Ne2 $16) 16... Qa5 17. Rec1 Rc7 18. a3 Rfc8 19. b4 Qb6 20. Nd1 Na7 21. Rc5 Ng8 (21... Rxc5 $14 22. bxc5 (22. dxc5 Qc7 $11) 22... Qd8) 22. Nb2 Bf8 23. Nd3 Bxc5 24. dxc5 ({Don't take} 24. bxc5 $6 Qb7 $14) (24. Nxc5 $18 {and White stays clearly on top. Threatens to win with h4.} Nc6 25. h4) 24... Qb8 $16 25. h4 {[%emt 0:04:32][%cal Bh2h4,Bh4h5][%mdl 1056] White has strong compensation. &Bianco is much more active. The black rooks are badly placed.} Rf8 26. h5 {[%emt 0:07:00] aiming for g5.} g5 27. Nd4 Nc6 28. Rf1 f6 $2 {[%emt 0:01:13] A mistake that costs the game.} (28... f5 $16 {was called for.}) 29. f4 $18 fxe5 $2 (29... gxf4 30. Nxf4 Nxe5) 30. Nxc6 {[%emt 0:00:19][%mdl 64] [#] Remove Defender} Bxc6 31. Nxe5 Be8 32. Bd4 {[%emt 0:03:08] Hoping for Qc2+.} Nf6 33. fxg5 hxg5 34. Qxg5 {[%emt 0:01:40] White mates.} Rg7 35. Ng6 Bxg6 36. Rxf6 Rxf6 37. Qxf6 {[%emt 0:00:22] Weighted Error Value: White=0.16 (very precise) /Black=0.57} 1-0

[Event "French-ch Youth U18 2022"]
[Site "Agen"]
[Date "2022.04.20"]
[Round "5.5"]
[White "Blanquet, Camille"]
[Black "Sumarriva Paulin, Laura"]
[Result "1-0"]
[ECO "A14"]
[WhiteElo "1928"]
[BlackElo "1925"]
[Annotator "TA"]
[PlyCount "55"]
[EventDate "2022.04.17"]
[EventType "swiss"]
[EventCountry "FRA"]
[SourceTitle "playchess.com"]
[Source "ChessBase"]
[SourceQuality "1"]
[TimeControl "5400+30"]

1. c4 e6 2. Nf3 d5 3. g3 Nf6 4. Bg2 Be7 5. O-O O-O 6. d4 b6 7. cxd5 exd5 8. Nc3 Bb7 9. Ne5 Nbd7 10. Qa4 Nb8 11. Bf4 {[%emt 0:09:35] &Bianco is much more active. has lost popularity (11.Rd1). E18: Queen's Indian: Old Main Line (4 g3 Bb7 5 Bg2 Be7 6 0-0 0-0 7 Nc3).} Ne4 12. Nxe4 dxe4 {[%emt 0:00:59] [#]} 13. Qc2 $146 (13. Rac1 $16) ({Predecessor:} 13. Rfd1 Bd5 14. Rac1 f6 15. Nc4 c6 16. Nd2 b5 17. Qc2 f5 18. Nf3 exf3 19. exf3 {0-1 (26) Chu,R (2207)-Putri,R (1897) Chess.com INT 2021}) 13... f6 $14 14. Ng4 ({But not} 14. Bxe4 Bxe4 15. Qxe4 fxe5 $1 16. Qxa8 exf4 $15) (14. Nc4 $5 ) 14... f5 15. Bxc7 Qxd4 {[%emt 0:01:19] [#]} ({Black should play} 15... Qd7 $14) 16. Rfd1 $1 $16 Qc5 (16... Qb4 17. Ne3) 17. Qb3+ Kh8 {[%emt 0:00:15] [#]} 18. Rac1 $1 Qb4 19. Qe6 {[%emt 0:03:50][%cal Og4h6] White threatens Nh6! and mate.} fxg4 (19... Nc6 $16) 20. a3 $18 {[%emt 0:03:51][%mdl 64] Deflection} Qb5 {[%emt 0:10:52] Threatens to win with ...Nc6.} 21. Qxe7 Re8 22. Qf7 $40 {[%emt 0:02:53][%mdl 128] White attacks with force.} (22. Rd8 $142 Na6 23. Be5 $1 Qxe5 24. Qxe5 Raxd8 25. Qg5) 22... Na6 $2 (22... Nc6) 23. Bf4 Bc6 24. Rd6 Rac8 {[%emt 0:00:58] [#]} (24... Rf8 25. Qe7 Rfe8) 25. Rdxc6 $1 Rcd8 26. Qc4 Qa5 27. Bxe4 b5 28. Qc2 {[%emt 0:00:33] Weighted Error Value: White=0.38/Black=0.45} 1-0